 Dungeon Crawl Stone Soup version 0.29-a0-845-g6161e89988 (webtiles) character file.

Game seed: 3756673813647429867

39 yokelz the Ruffian (level 3, -2/28 HPs)
             Began as a Draconian Transmuter on July 15, 2022.
             Succumbed to Jessica's poison
             ... on level 2 of the Dungeon.
             The game lasted 00:02:43 (1486 turns).

yokelz the Ruffian (Draconian Transmuter)           Turns: 1486, Time: 00:02:44

Health: -2/28      AC:  5    Str: 12    XL:     3   Next: 28%
Magic:  5/6        EV: 12    Int: 15    God:
Gold:   55         SH:  0    Dex: 11    Spells: 5/6 levels left

rFire   . . .      SeeInvis .     - Unarmed
rCold   . . .      Faith    .   (no shield)
rNeg    . . .      Spirit   .   (body armour unavailable)
rPois   .          Reflect  .   (helmet restricted)
rElec   .          Harm     .   (no cloak)
rCorr   .          Rampage  .   (no gloves)
Will    .....                   (no boots)
Stlth   +.........              (no amulet)
HPRegen 0.09/turn               (no ring)
MPRegen 0.10/turn               (no ring)

@: lethally poisoned (-2 -> -23), very slightly contaminated, slowed, very slow
A: AC +5, unfitting armour, cold-blooded
a: no special abilities


You were on level 2 of the Dungeon.
You visited 1 branch of the dungeon, and saw 2 of its levels.

You collected 55 gold pieces.

Inventory:

Jewellery
 h - a ring of fire
Potions
 a - 3 potions of lignification
 b - a potion of brilliance
 c - a potion of heal wounds {unknown}
 d - a potion of curing {unknown}
 l - a potion of cancellation {unknown}
 m - a potion of might {unknown}


   Skills:
 - Level 1.1 Fighting
 - Level 1.7 Dodging
 + Level 4.4 Unarmed Combat
 - Level 2.0 Spellcasting
 - Level 2.0 Transmutations


You had 5 spell levels left.
You knew the following spells:

 Your Spells              Type           Power      Damage    Failure   Level
a - Beastly Appendage     Tmut           14%        N/A       10%         1

Your spell library contained the following spells:

 Spells                   Type           Power      Damage    Failure   Level
 Wereblood                Tmut           7%         N/A       14%         2
 Spider Form              Tmut/Pois      4%         N/A       41%         3
 Portal Projectile        Hex/Tloc       2%         N/A       54%         3
 Tukima's Dance           Hex            1%         N/A       54%         3
 Ice Form                 Ice/Tmut       4%         N/A       82%         4
 Passage of Golubria      Tloc           1%         N/A       91%         4
 Blade Hands              Tmut           3%         N/A       95%         5
 Silence                  Hex/Air        0%         N/A       99%         5
 Lehudib's Crystal Spear  Conj/Erth      0%         10d2      100%        8


Dungeon Overview and Level Annotations

Branches:
Dungeon (2/15)

Altars:

Annotations:
D:2 Jessica


Innate Abilities, Weirdness & Mutations

Your plain brown scales are hard. (AC +5)
You cannot fit into any form of body armour.
You are cold-blooded and may be slowed by cold attacks.


Message History

The goblin barely misses you.
You barely miss the goblin. You tail-slap the goblin.
You kill the goblin!
You pick up a book of Weapons and begin reading...
You add the spells Tukima's Dance, Portal Projectile and Blade Hands to your library.
Okay, then.
You now have 55 gold pieces (gained 11).
Things that are here:
a +0 falchion; a goblin corpse A rat comes into view.
You hit the rat.
You kill the rat!
Found a club.
No target in view!
Jessica the Apprentice Sorceress comes into view.
She is wielding a +6 dagger of venom.
Jessica shouts!
Casting: Beastly Appendage (safe; 10% risk of failure)
Press: ? - help, Q - select action Dir - look around, f - activate You miscast Beastly Appendage.
You are very lightly contaminated with residual magic.
Nothing appears to happen.
You closely miss Jessica. Jessica closely misses you.
You closely miss Jessica. You punch Jessica, but do no damage.
Jessica casts a spell at you.
You feel yourself slow down.
You hit Jessica.
Your tail-slap misses Jessica.
Jessica is moderately wounded.
Jessica hits you with a +6 dagger of venom.
You are poisoned.
Jessica hits you with a +6 dagger of venom!
You are more poisoned.
You hit Jessica.
Jessica is severely wounded.
* * * LOW HITPOINT WARNING * * *
You feel extremely sick.
Jessica points at you and mumbles some strange words.
You feel as though you will be slow longer.
You completely miss Jessica.
Jessica is severely wounded.
You die...

...........# .
...........##.### #.
...........##.#.#####.
............#.#.......
.....)......#.#.#####.
............#.#.#.....
######.#...#.#.#.###.
#########.#...#.....# #.
.......@@.........#####.
#########.#.............
..@...........†.......
#######.###.#..#####.#
#.# #.#..###.... ...
..#........)
...#####...##.... ...
.......... ... ....#
##.#..#....


You could see Jessica.

Vanquished Creatures
  An adder (D:2)
  A dart slug (D:1)
  A ball python (D:1)
  An endoplasm (D:2)
  4 giant cockroaches
  2 goblins (D:2)
  3 hobgoblins (D:2)
  A kobold (D:1)
  2 quokkas (D:1)
  2 bats
  4 frilled lizards
  5 rats
27 creatures vanquished.

Notes
Turn   | Place    | Note
-------+----------+-------------------------------------------
     0 | D:1      | yokelz the Draconian Transmuter began the quest for the
                  | Orb.
     0 | D:1      | Reached XP level 1. HP: 16/16 MP: 3/3
   385 | D:1      | Reached XP level 2. HP: 23/23 MP: 5/5
   421 | D:1      | Found a faded altar of an unknown god.
  1054 | D:2      | Reached skill level 4 in Unarmed Combat
  1177 | D:2      | Reached XP level 3. HP: 19/28 MP: 4/6
  1475 | D:2      | Noticed Jessica
  1486 | D:2      | Succumbed to Jessica's poison

Illustrated notes

Levels and vault maps discovered:
D:1:      lightli_arrival_isolated_outpost, layout_basic,
          hellmonk_ecumenical_altar_blasted, minmay_pentomino_u4
D:2:      layout_basic, grunt_ministairs_9, uniq_jessica, uniq_natasha

Skill      XL: |  1  2 |
---------------+-------+-----
Unarmed Combat | 4 |  4.4
Fighting       | |  1.1
Dodging        | |  1.7
Spellcasting   | |  2.0
Transmutations | |  2.0

Action                   || total
-------------------------++-------
Melee: Unarmed           ||    88
       Tailslap          ||     5
       Headbutt          ||     3
       Kick              ||     2
       Punch             ||     2
 Cast: Beastly Appendage ||     4
  Use: Scroll            ||     7
Armor: Skin              ||    15
Dodge: Dodged            ||    49

Table legend: (Time is in decaauts)
 A = Elapsed time spent in this place.
 B = Non-inter-level travel time spent in this place.
 C = Inter-level travel time spent in this place.
 D = Time resting spent in this place.
 E = Time spent auto-exploring this place.
 F = Levels seen in this place.
 G = Mean time per level.
                   A        B        C        D        E       F      G
               +--------+--------+--------+--------+--------+-----+--------+
         Total |   1490 |   1464 |     26 |    199 |   1075 |   2 |  745.0 |
       Dungeon |   1490 |   1464 |     26 |    199 |   1075 |   2 |  745.0 |
               +--------+--------+--------+--------+--------+-----+--------+

Top non-repeatable levels by time:
     D:1: 1051 daAuts
     D:2: 438 daAuts
